 Dungeon Crawl Stone Soup version 0.13-a0-2606-g170388b (webtiles) character file.

60770 Kae the Bludgeoner (level 14, -2/123 HPs)
             Began as a Minotaur Berserker on Aug 4, 2013.
             Was the Champion of Trog.
             Killed by divine providence
             ... invoked by an orc priest
              (10 damage)
             ... on Level 3 of the Orcish Mines.
             The game lasted 00:36:03 (18512 turns).

Kae the Bludgeoner (Minotaur Berserker)            Turns: 18512, Time: 00:36:03

HP  -2/123       AC 16     Str 23      XL: 14   Next: 51%
MP   4/4         EV 15     Int  9      God: Trog [******]
Gold 1921        SH  0     Dex 11      Spells:  0 memorised, 13 levels left

Res.Fire  : . . .   See Invis. : .   z - +0,+3 great mace (antimagic)
Res.Cold  : . . .   Warding    : .   B - +4 elf ring mail {rN+} (curse)
Life Prot.: + . .   Conserve   : .   (no shield)
Res.Poison: .       Res.Corr.  : .   (helmet restricted)
Res.Elec. : .       Clarity    : .   (no cloak)
Sust.Abil.: . .     Spirit.Shd : .   (no gloves)
Res.Mut.  : .       Stasis     : .   (no boots)
Res.Rott. : .       Flight     : .   r - amulet of faith
Saprovore : . . .                    h - cursed ring of regeneration
                                     d - +4 ring of protection

@: regenerating, very resistant to hostile enchantments, extremely unstealthy
A: retaliatory headbutt, hooves 1, horns 2, wild magic 1, Int +2
a: Burn Spellbooks, Berserk, Trog's Hand, Brothers in Arms, Renounce Religion


You were on level 3 of the Orcish Mines.
You worshipped Trog.
Trog was exalted by your worship.
You were very hungry.

You visited 4 branches of the dungeon, and saw 22 of its levels.

You collected 1901 gold pieces.

Inventory:

Hand weapons
 u - a +0,+2 whip of electrocution
 z - a +0,+3 anti-magic great mace (weapon)
 L - a +1,+7 dwarven dire flail of protection
 S - a +0,+3 anti-magic demon whip
 W - a +0,+3 anti-magic morningstar
Armour
 B - a cursed +4 elven ring mail of positive energy (worn)
Magical devices
 a - a wand of disintegration (19)
 l - a wand of digging (12)
 o - a wand of invisibility (2)
 x - a wand of disintegration (2)
 D - a wand of digging (8)
 Z - a wand of random effects (6)
Comestibles
 c - 13 bread rations
 g - 4 apples
 i - 13 grapes
 t - 9 meat rations
 H - 2 rotting chunks of ogre flesh
 K - 4 chokos
 N - 8 cheeses
 Q - 13 sultanas
Scrolls
 m - a scroll of enchant armour {unknown}
 n - 2 scrolls of enchant weapon I
 q - 3 scrolls of blinking
 s - 12 scrolls of remove curse
 w - 5 scrolls of teleportation
 y - a scroll of fear
 C - 6 scrolls of identify
 G - a scroll of magic mapping
 P - 2 scrolls of enchant weapon II
 T - a scroll of amnesia {unknown}
Jewellery
 b - an uncursed amulet of clarity {unknown}
 d - a +4 ring of protection (left hand)
 h - a cursed ring of regeneration (right hand)
 r - an amulet of faith (around neck)
 v - an uncursed ring of protection from magic
 A - an uncursed ring of ice
 E - the ring "Buituxt" {rF+ Int+2 Acc+3 Dam+5 Stlth--, unknown}
   (You found it on level 5 of the Lair of Beasts)

   [ring of intelligence]

   It affects your intelligence (+2).
   It affects your accuracy (+3).
   It affects your damage-dealing abilities (+5).
   It protects you from fire.
   It makes you much less stealthy.
 O - a cursed ring of protection from cold {unknown}
 R - an uncursed ring of protection from cold {unknown}
Potions
 e - 7 potions of curing
 f - a potion of magic
 j - 4 potions of restore abilities
 k - 3 potions of invisibility
 p - a potion of heal wounds
 U - 2 potions of agility


   Skills:
 + Level 12.6 Fighting
 * Level 16.8 Maces & Flails
 * Level 16.7 Armour
 + Level 11.9 Dodging
 + Level 4.4 Evocations


You had 13 spell levels left.
You didn't know any spells.

Dungeon Overview and Level Annotations

Branches:
Dungeon (10/27)            Temple (0/1) D:4             Orc (3/4) D:9
   Lair (8/8) D:8          Shoals (0/5) Lair:3        Snake (0/5) Lair:4
  Slime (1/6) Lair:6
    Elf: Orc:3-4

Altars:
Cheibriados
Nemelex Xobeh
Vehumet
Beogh

Shops:
D:5: + D:8: [


Innate Abilities, Weirdness & Mutations

You reflexively headbutt those who attack you in melee.
You have a pair of horns on your head.
You have large cloven feet.
Your mind is acute (Int +2).
Your spells are a little harder to cast, but a little more powerful.


Message History

The orc priest hits you but does no damage.
The orc priest mumbles some strange prayers to Beogh against you.
Something smites you!
* * * LOW HITPOINT WARNING * * *
Unknown command.
Unknown command.
Unknown command.
Use which ability? (? or * to list) You're too hungry to go berserk.
Unknown command.
Unknown command.
The orc priest barely misses you. You furiously retaliate!
You headbutt the orc priest! The orc hits you but does no damage.
The orc warrior closely misses you.
The orc priest invokes the aid of Beogh against you.
Something smites you!
* * * LOW HITPOINT WARNING * * *
The orc priest invokes the aid of Beogh against you.
Something smites you!
You die...

........#
........#..
...........
......o....
........$..##
............##
......$.o%...##
.....$..ooo....#
........o@o...##
.......$.o...##
....)........#
..#..........#
...o..........#
..........#.##
..#......###
#....$..# ....


You could see an orc warrior, 5 orc priests and 3 orcs.

Vanquished Creatures
  Fannar (Orc:1)
  Harold (Lair:5)
  Josephine (Orc:2)
  7 hydras
  7 death yaks
  A deep troll shaman (Lair:8)
  The ghost of Kae the Bludgeoner, an experienced MiBe of Trog (D:10)
  Urug (Orc:2)
  A catoblepas (Lair:8)
  Erolcha (Orc:2)
  An orc sorcerer (Orc:1)
  2 oklob plants (Lair:6)
  15 elephants
  2 griffons
  8 spiny frogs
  4 black mambas
  2 fire drakes
  A troll (Orc:3)
  A two-headed ogre (D:9)
  24 blink frogs
  5 komodo dragons
  2 boulder beetles
  A snapping turtle (Lair:3)
  2 wyverns
  A merfolk (Lair:3)
  2 elephant slugs
  Eustachio (D:8)
  A hungry ghost (D:7)
  8 hippogriffs
  51 yaks
  23 wolves
  The ghost of Yermak the Bolt Thrower, an average SpWn (D:3)
  A hill giant skeleton (D:10)
  Edmund (D:8)
  2 necrophages (D:10)
  13 porcupines
  A sky beast (D:9)
  2 phantoms
  A swamp drake (Lair:7)
  4 ice beasts
  A yellow wasp (Lair:4)
  The ghost of horsemans the Shield-Bearer, an average MiFi (D:4)
  3 black bears
  9 giant goldfish
  10 orc warriors
  A boring beetle (Lair:6)
  13 crocodiles
  2 centaurs
  5 ogres
  Duvessa (D:7)
  13 giant frogs
  2 wargs
  10 giant slugs
  11 water moccasins
  3 big kobolds (D:10)
  8 agate snails
  3 lava fish (Lair:5)
  A yak zombie (D:9)
  6 jellyfish
  6 wights
  6 electric eels
  A goliath beetle (D:7)
  8 crimson imps
  Dowan (D:7)
  3 quasits
  17 orc wizards
  2 scorpions
  Crazy Yiuf (D:7)
  2 centaur skeletons
  23 orc priests
  10 hounds
  8 big fish
  10 iguanas
  9 worker ants
  An iron imp (D:8)
  36 sheep
  Jessica (D:2)
  3 jellies
  An ogre skeleton (Orc:2)
  A sky beast zombie (D:5)
  3 hound skeletons
  An ogre simulacrum (Orc:2)
  8 gnolls
  25 adders
  A giant centipede (Lair:1)
  A giant mite (Lair:2)
  A worm zombie (D:5)
  26 green rats
  An inept feature mimic (D:5)
  An inept item mimic (Orc:1)
  A white imp (D:8)
  5 worms
  An adder zombie (D:8)
  2 giant eyeballs
  2 iguana skeletons
  An ooze (D:2)
  107 orcs
  30 bats
  A bat zombie (D:8)
  18 goblins
  11 hobgoblins
  12 jackals
  12 kobolds
  7 quokkas
  A ball python (D:3)
  6 giant cockroaches
  6 giant geckos
  9 giant newts
  A giant spore (D:6)
  A goblin simulacrum (Orc:2)
  2 orc skeletons
  7 orc zombies
  22 rats
  4 ballistomycetes (D:6)
  A plant (Lair:3)
796 creatures vanquished.

Vanquished Creatures (others)
  An orc wizard (Orc:2)
  A green rat (Lair:7)
  2 orcs
  4 fungi
  2 plants (Lair:8)
10 creatures vanquished.

Grand Total: 806 creatures vanquished

Notes
Turn   | Place    | Note
--------------------------------------------------------------
     0 | D:1      | Kae, the Minotaur Berserker, began the quest for the Orb.
     0 | D:1      | Reached XP level 1. HP: 19/19 MP: 0/0
    78 | D:1      | Reached skill level 4 in Maces & Flails
    98 | D:1      | Reached XP level 2. HP: 17/26 MP: 0/0
   453 | D:1      | Acquired Trog's second power
   613 | D:2      | Reached skill level 5 in Maces & Flails
   682 | D:2      | Reached XP level 3. HP: 15/33 MP: 1/1
   815 | D:2      | Found a sparkling altar of Nemelex Xobeh.
   913 | D:2      | Noticed Jessica
   913 | D:2      | HP: 1/33 [Jessica/wand of frost (6)]
   919 | D:2      | Killed Jessica
  1112 | D:2      | Reached skill level 6 in Maces & Flails
  1112 | D:2      | Reached XP level 4. HP: 20/39 MP: 1/1
  1163 | D:2      | Found a radiant altar of Vehumet.
  1163 | D:2      | Found a snail-covered altar of Cheibriados.
  1608 | D:3      | Reached skill level 7 in Maces & Flails
  1608 | D:3      | Reached XP level 5. HP: 44/46 MP: 1/1
  1632 | D:3      | Noticed an orc warrior
  1639 | D:3      | Killed an orc warrior
  1731 | D:3      | Reached skill level 8 in Maces & Flails
  1731 | D:3      | Reached XP level 6. HP: 33/52 MP: 2/2
  2006 | D:3      | Noticed Yermak's ghost (average SpWn)
  2014 | D:3      | Killed Yermak's ghost
  2014 | D:3      | Reached skill level 9 in Maces & Flails
  2236 | D:4      | Noticed horsemans' ghost (average MiFi)
  2252 | D:4      | Killed horsemans' ghost
  2252 | D:4      | Reached XP level 7. HP: 29/59 MP: 2/2
  2675 | D:4      | Found a staircase to the Ecumenical Temple.
  2686 | D:4      | Reached skill level 10 in Maces & Flails
  2863 | D:5      | Entered Level 5 of the Dungeon
  2877 | D:5      | Paralysed by a potion of paralysis for 6 turns
  3115 | D:5      | Found Phuvaun's Book Emporium.
  3251 | D:5      | Acquired Trog's third power
  3366 | D:5      | Reached skill level 11 in Maces & Flails
  3461 | D:5      | Reached XP level 8. HP: 35/66 MP: 2/2
  3882 | D:6      | Reached skill level 12 in Maces & Flails
  4346 | D:6      | Reached skill level 13 in Maces & Flails
  4870 | D:7      | Noticed Dowan
  4873 | D:7      | Noticed Duvessa
  4874 | D:7      | Reached XP level 9. HP: 72/72 MP: 3/3
  4876 | D:7      | Killed Dowan
  4880 | D:7      | Killed Duvessa
  4880 | D:7      | Reached skill level 14 in Maces & Flails
  5045 | D:7      | Received a gift from Trog
  5194 | D:7      | Noticed Crazy Yiuf
  5198 | D:7      | Killed Crazy Yiuf
  5522 | D:8      | Noticed Edmund
  5524 | D:8      | Noticed Eustachio
  5535 | D:8      | Killed Edmund
  5539 | D:8      | Killed Eustachio
  5539 | D:8      | Reached skill level 15 in Maces & Flails
  5717 | D:8      | Found Schajuag's Antique Armour Boutique.
  5824 | D:8      | Found a staircase to the Lair.
  6454 | D:9      | Reached skill level 5 in Armour
  6473 | D:9      | Reached XP level 10. HP: 48/81 MP: 3/3
  6556 | D:9      | Found a staircase to the Orcish Mines.
  6566 | D:9      | Reached skill level 5 in Fighting
  6631 | D:9      | Received a gift from Trog
  6905 | D:10     | Entered Level 10 of the Dungeon
  6958 | D:10     | Reached skill level 5 in Dodging
  7028 | D:10     | Noticed a three-headed hydra
  7035 | D:10     | Killed a three-headed hydra
  7241 | D:10     | Reached XP level 11. HP: 84/91 MP: 3/3
  7444 | D:10     | Noticed Kae's ghost (experienced MiBe)
  7464 | D:10     | Killed Kae's ghost
  7464 | D:10     | Reached skill level 10 in Armour
  7533 | D:10     | Paralysed by a giant eyeball for 4 turns
  7540 | D:10     | Received a gift from Trog
  8051 | Lair:1   | Entered Level 1 of the Lair of Beasts
  8250 | Lair:1   | Received a gift from Trog
  9491 | Lair:2   | Reached XP level 12. HP: 88/102 MP: 4/4
  9737 | Lair:2   | Received a gift from Trog
 10075 | Lair:3   | Gained mutation: Your spells are a little harder to cast, but a little more powerful. [potion of mutation]
 10075 | Lair:3   | Gained mutation: Your mind is acute (Int +1). [potion of mutation]
 10075 | Lair:3   | Gained mutation: You have large cloven feet. [potion of mutation]
 10077 | Lair:3   | Gained mutation: Your mind is acute (Int +2). [potion of beneficial mutation]
 10320 | Lair:3   | Received a gift from Trog
 10486 | Lair:3   | Reached skill level 10 in Fighting
 10854 | Lair:3   | Found a staircase to the Shoals.
 11643 | Lair:4   | Noticed a seven-headed hydra
 11651 | Lair:4   | Killed a seven-headed hydra
 11657 | Lair:4   | Noticed a six-headed hydra
 11672 | Lair:4   | Killed a six-headed hydra
 11927 | Lair:4   | Received a gift from Trog
 12172 | Lair:4   | Paralysed by you for 2 turns
 12328 | Lair:4   | Found a staircase to the Snake Pit.
 12401 | Lair:4   | Reached skill level 10 in Dodging
 12932 | Lair:5   | Noticed Harold
 12967 | Lair:5   | Killed Harold
 13001 | Lair:5   | Got a vibrating platinum ring
 13285 | Lair:5   | Reached XP level 13. HP: 112/112 MP: 4/4
 13766 | Lair:5   | Reached skill level 15 in Armour
 13852 | Lair:6   | Received a gift from Trog
 14318 | Lair:6   | Reached skill level 1 in Evocations
 14409 | Lair:6   | Received a gift from Trog
 14778 | Lair:6   | Found a staircase to the Slime Pits.
 14880 | Slime:1  | Entered Level 1 of the Pits of Slime
 14880 | Slime:1  | Noticed an acid blob
 15392 | Lair:7   | Reached skill level 16 in Maces & Flails
 15644 | Lair:8   | Entered Level 8 of the Lair of Beasts
 15680 | Lair:8   | Received a gift from Trog
 15762 | Lair:8   | Reached XP level 14. HP: 122/122 MP: 11/11
 16053 | Lair:8   | Received a gift from Trog
 17218 | Orc:1    | Entered Level 1 of the Orcish Mines
 17304 | Orc:1    | Received a gift from Trog
 17668 | Orc:2    | Noticed Fannar
 17697 | Orc:1    | Killed Fannar
 17746 | Orc:2    | Received a gift from Trog
 17770 | Orc:2    | Noticed Josephine
 17780 | Orc:2    | Killed Josephine
 18039 | Orc:2    | Noticed Urug
 18053 | Orc:2    | Killed Urug
 18210 | Orc:2    | Noticed Erolcha
 18216 | Orc:2    | Killed Erolcha
 18311 | Orc:1    | Found a roughly hewn altar of Beogh.
 18491 | Orc:3    | Received a gift from Trog
 18508 | Orc:3    | HP: 5/123 [orc priest/divine providence (12)]
 18512 | Orc:3    | Killed from afar by an orc priest

Action                   |  1- 3 |  4- 6 |  7- 9 | 10-12 | 13-15 || total
-------------------------+-------+-------+-------+-------+-------++-------
Melee: Mace              |    66 |    12 |     2 |       |       ||    80
       Whip              |       |   100 |   288 |       |       ||   388
       Dire flail        |       |       |    88 |   788 |   750 ||  1626
       Great mace        |       |       |    56 |       |   103 ||   159
       Demon whip        |       |       |       |   182 |       ||   182
Invok: Trog's Hand       |     2 |     2 |     1 |     3 |    10 ||    18
       Berserk           |     1 |       |     5 |     3 |     3 ||    12
       Burn Spellbooks   |       |       |       |       |     1 ||     1
Evoke: Wand              |       |       |       |     7 |     5 ||    12
  Use: Potion            |     2 |       |     6 |     4 |     7 ||    19
       Scroll            |       |       |    10 |    11 |     1 ||    22
 Stab: Distracted        |       |       |       |     1 |       ||     1
       Invisible         |       |       |       |       |     4 ||     4
